 Dungeon Crawl Stone Soup version 0.27.1-33-g824d729ab1 (webtiles) character file.

Game seed: 2224558224814898369

24096 austinbyrn the Blocker (level 13, -11/82 HPs)
             Began as a Gargoyle Fighter on Dec 10, 2021.
             Was a High Priest of Okawaru.
             Mangled by a death yak (15 damage)
             ... on level 2 of the Lair of Beasts.
             The game lasted 00:47:30 (18193 turns).

austinbyrn the Blocker (Gargoyle Fighter)          Turns: 18193, Time: 00:47:30

Health: -11/82     AC: 31    Str: 31    XL:     13   Next: 10%
Magic:  16/17      EV: 12    Int:  9    God:    Okawaru [*****.]
Gold:   597        SH: 22    Dex:  9    Spells: 12/12 levels left

rFire    . . .     SeeInvis .   g - +2 whip (flame)
rCold    . . .     Faith    .   c - +1 kite shield
rNeg     + . .     Spirit   .   b - +0 scale mail
rPois    ∞         Reflect  +   d - +0 helmet
rElec    +         Harm     .   (no cloak)
rCorr    .         Rampage  .   v - +2 pair of gloves
Will     .....                  H - +0 pair of boots
Stlth    +.........             E - amulet of reflection
HPRegen  0.23/turn              C - +4 ring of protection
MPRegen  0.15/turn              B - +6 ring of strength

@: about to teleport, heroic, studying Armour
A: sickness immunity, AC +9, negative energy resistance 1, electricity
resistance, torment resistance 1, petrification resistance
a: Renounce Religion, Heroism, Finesse


You were on level 2 of the Lair of Beasts.
You worshipped Okawaru.
Okawaru was extremely pleased with you.
You visited 3 branches of the dungeon, and saw 15 of its levels.

You collected 897 gold pieces.
You spent 300 gold pieces at shops.

Inventory:

Hand Weapons
 g - a +2 whip of flaming (weapon)
Missiles
 n - 5 curare-tipped darts
 q - 19 poisoned darts (quivered)
 r - 8 atropa-tipped darts
 z - 3 throwing nets
Armour
 b - a +0 scale mail (worn)
 c - a +1 kite shield (worn)
 d - a +0 helmet (worn)
 v - a +2 pair of gloves (worn)
 H - a +0 pair of boots (worn)
Jewellery
 i - a +4 ring of evasion
 B - a +6 ring of strength (right hand)
 C - a +4 ring of protection (left hand)
 E - an amulet of reflection (around neck)
 K - a +6 ring of dexterity
Wands
 a - a wand of charming (10)
 p - a wand of paralysis (1)
 u - a wand of flame (40)
 F - a wand of polymorph (4)
 G - a wand of digging (6)
Scrolls
 e - 2 scrolls of amnesia
 o - a scroll of silence
 s - a scroll of brand weapon {unknown}
 y - 2 scrolls of enchant armour
 A - 3 scrolls of identify
 D - a scroll of teleportation
 I - a scroll of holy word {unknown}
Potions
 f - 2 potions of brilliance
 h - 2 potions of berserk rage
 j - a potion of degeneration {unknown}
 k - a potion of invisibility {unknown}
 l - 2 potions of attraction
 m - 3 potions of flight
 t - 3 potions of magic
 w - a potion of mutation {unknown}
 x - 2 potions of cancellation
 J - a potion of might


   Skills:
 + Level 10.0(15.0) Fighting
 - Level 12.1(17.1) Maces & Flails
 - Level 13.0(18.0) Armour
 + Level 1.1(6.1) Dodging
 * Level 13.4(18.4) Shields
 - Level 6.0 Invocations


You had 12 spell levels left.
You didn't know any spells.
Your spell library contained the following spells:

 Spells                   Type           Power      Damage    Failure   Level
 Summon Small Mammal      Summ           0%         N/A       54%         1
 Blink                    Tloc           N/A        N/A       67%         2
 Corpse Rot               Necr/Air       N/A        N/A       67%         2
 Call Canine Familiar     Summ           0%         N/A       88%         3
 Summon Guardian Golem    Hex/Summ       0%         N/A       88%         3
 Dispel Undead            Necr           0%         3d6       99%         4
 Manifold Assault         Tloc           0%         N/A       100%        5
 Death Channel            Necr           0%         N/A       100%        6
 Storm Form               Tmut/Air       0%         N/A       100%        7


Dungeon Overview and Level Annotations

Branches:
Dungeon (11/15)            Temple (1/1) D:7            Lair (3/6) D:8
  Swamp: Lair:2-4    Shoals: Lair:2-4     Snake: Lair:2-4    Spider: Lair:2-4
    Orc: D:9-12

Altars:
Ashenzari
Cheibriados
Dithmenos
Elyvilon
Fedhas
Gozag
Hepliaklqana
Kikubaaqudgha
Makhleb
Nemelex Xobeh
Okawaru
Qazlal
Ru
Sif Muna
Trog
Uskayaw
Vehumet
Wu Jian
Xom
Yredelemnul
Zin
The Shining One

Shops:
D:2 =   D:4 *


Innate Abilities, Weirdness & Mutations

You are immune to sickness and miasma.
Your stone body is resilient. (AC +9)
You are immune to poison.
You resist negative energy. (rN+)
You are resistant to electric shocks. (rElec)
You are resistant to unholy torment.
You are immune to petrification.


Message History

You block the death yak's attack.
You barely miss the komodo dragon.
The komodo dragon is severely wounded.
You whack the komodo dragon! You burn the komodo dragon.
You kill the komodo dragon!
Okawaru accepts your kill. You block the death yak's attack. x2
Your base Dodging skill increases to level 1!
You hit the death yak but do no damage. You whack the death yak!
You burn the death yak.
The death yak is moderately wounded.
The death yak gores you. The death yak gores you!
* * * LOW HITPOINT WARNING * * *
You whack the death yak! You burn the death yak!
The death yak is severely wounded.
You hit the death yak but do no damage.
The death yak is severely wounded.
You block the death yak's attack. x2
You hit the death yak but do no damage.
The death yak is heavily wounded.
You hit the death yak. You burn the death yak.
The death yak is severely wounded.
You block the death yak's attack. The death yak completely misses you.
You whack the death yak! You burn the death yak.
The death yak is severely wounded.
You hit the death yak. You burn the death yak.
The death yak is almost dead.
You block the death yak's attack. The death yak gores you!!
* * * LOW HITPOINT WARNING * * *
Okay, then.
As you read the scroll of teleportation, it crumbles to dust.
You feel strangely unstable. You block the death yak's attack.
The death yak closely misses you.
Okay, then.
As you read the scroll of fear, it crumbles to dust.
You assume a fearsome visage.
The death yak resists with almost no effort.
The death yak looks frightened!
The fungus is unaffected.
The plant is unaffected.
The fungus is unaffected.
The death yak gores you!
You die...

##...#.......#.........#
##....#................##
##...........#......#...#
##...#.......#......#..##
#....##................##
.#...##......#......#...#
###...#........P..P.....#
.###.#...........Y......#
................@†.....##
...............†Y......###
.......................#.#
########.#...........<..##
##########.P..#..##.#..##
.........#.#####.####..#
.#.........#####.####P.##
##......##.##......###..#
........##.##......##..##


You could see 2 death yaks.

Vanquished Creatures
  Josephine (D:10)
  Harold (D:10)
  A boulder beetle (Lair:2)
  4 hydras
  Erica (D:8)
  A death yak (Lair:2)
  Pikel (D:6)
  A necromancer (D:9)
  Joseph (D:7)
  A black mamba (Lair:2)
  9 cane toads
  7 komodo dragons
  A kobold demonologist (D:10)
  A hornet (Lair:1)
  Prince Ribbit (D:6)
  10 blink frogs
  18 yaks
  A wyvern (Lair:3)
  5 wraiths (D:10)
  A basilisk (Lair:2)
  Grum (D:8)
  A steam dragon (D:8)
  Duvessa (D:5)
  5 water moccasins
  2 sky beasts
  2 ice beasts
  4 orc warriors
  A black bear (D:6)
  A necrophage (D:4)
  4 ogres
  14 wolves
  5 centaurs
  4 lemures
  3 kobold brigands
  4 bullfrogs
  A gnoll sergeant (D:9)
  2 scorpions
  Dowan (D:6)
  11 killer bees
  A howler monkey (D:10)
  2 bullfrog zombies (D:5)
  A centaur zombie (D:10)
  8 orc priests
  A bullfrog skeleton (D:5)
  2 hounds
  2 centaur skeletons (D:6)
  2 iguanas
  3 orc wizards
  4 yak simulacra (D:9)
  2 polar bear simulacra (D:9)
  4 wolf simulacra (D:9)
  2 howler monkey zombies
  7 adders
  A howler monkey skeleton (D:5)
  4 gnolls
  A shadow imp (D:6)
  An ufetubus (D:6)
  A worm (D:2)
  2 dart slugs
  26 orcs
  6 bats
  8 endoplasms
  5 giant cockroaches
  7 goblins
  13 hobgoblins
  6 jackals
  6 quokkas
  11 ball pythons
  16 frilled lizards
  12 kobolds
  2 rats
  A river rat simulacrum (D:9)
304 creatures vanquished.

Vanquished Creatures (others)
  7 fungi
  26 plants
33 creatures vanquished.

Grand Total: 337 creatures vanquished

Notes
Turn   | Place    | Note
-------+----------+-------------------------------------------
     0 | D:1      | austinbyrn the Gargoyle Fighter began the quest for the
                  | Orb.
     0 | D:1      | Reached XP level 1. HP: 14/14 MP: 1/1
   141 | D:1      | Reached XP level 2. HP: 19/19 MP: 2/2
   251 | D:1      | Reached XP level 3. HP: 17/23 MP: 1/3
   447 | D:1      | Found a faded altar of an unknown god.
  1390 | D:2      | Found Fymesaf's Jewellery Shoppe.
  1555 | D:2      | Reached XP level 4. HP: 28/29 MP: 2/4
  2416 | D:3      | Reached XP level 5. HP: 33/33 MP: 5/5
  3571 | D:4      | Identified a scroll of acquirement
  3571 | D:4      | Acquired a manual of Armour
  3999 | D:4      | Found Ulumun's Assorted Antiques.
  4239 | D:5      | Entered Level 5 of the Dungeon
  4239 | D:5      | Noticed an ogre
  4330 | D:5      | Reached XP level 6. HP: 35/38 MP: 6/6
  4366 | D:5      | Reached skill level 5 in Shields
  4408 | D:5      | Noticed an ice beast
  4634 | D:5      | Noticed a necrophage
  4658 | D:4      | Killed a necrophage
  4659 | D:4      | Reached skill level 5 in Armour
  4659 | D:4      | Reached XP level 7. HP: 39/44 MP: 7/7
  5136 | D:6      | Noticed Dowan
  5142 | D:6      | Noticed Duvessa
  5173 | D:6      | Reached skill level 5 in Maces & Flails
  5472 | D:6      | Noticed Prince Ribbit
  5783 | D:6      | Killed Dowan
  5793 | D:5      | Killed Duvessa
  5794 | D:5      | Reached skill level 5 in Fighting
  5794 | D:5      | Reached XP level 8. HP: 31/49 MP: 5/8
  6240 | D:6      | Noticed Pikel
  6877 | D:6      | Killed Pikel
  6878 | D:6      | Reached XP level 9. HP: 34/55 MP: 7/9
  7241 | D:6      | Killed Prince Ribbit
  7801 | D:7      | Noticed Joseph
  7829 | D:7      | Killed Joseph
  7965 | D:7      | Found a staircase to the Ecumenical Temple.
  7972 | Temple   | Entered the Ecumenical Temple
  8129 | Temple   | Became a worshipper of Warmaster Okawaru
  8760 | D:2      | Bought an amulet of reflection for 300 gold pieces
  9270 | D:8      | Reached XP level 10. HP: 37/61 MP: 10/10
  9453 | D:8      | Reached * piety under Okawaru
  9484 | D:8      | Noticed Grum
  9519 | D:8      | Killed Grum
  9523 | D:8      | Reached ** piety under Okawaru
  9524 | D:8      | Reached skill level 10 in Shields
  9564 | D:8      | Noticed Erica
  9863 | D:8      | Killed Erica
  9864 | D:8      | Reached skill level 10 in Armour
 10472 | D:8      | Found a staircase to the Lair.
 11069 | D:8      | Reached skill level 1 in Invocations
 11183 | D:8      | Reached *** piety under Okawaru
 11471 | D:9      | Noticed a necromancer
 11477 | D:9      | Reached XP level 11. HP: 68/68 MP: 11/11
 11488 | D:9      | Killed a necromancer
 12211 | D:10     | Entered Level 10 of the Dungeon
 12300 | D:9      | Reached skill level 10 in Maces & Flails
 12538 | D:10     | Found a sacrificial altar of Ru.
 12545 | D:10     | Found a shadowy altar of Dithmenos.
 12551 | D:10     | Found a basalt altar of Yredelemnul.
 12558 | D:10     | Found a white marble altar of Elyvilon.
 12564 | D:10     | Found a broken altar of Ashenzari.
 12572 | D:10     | Found a stormy altar of Qazlal.
 12577 | D:10     | Found a snail-covered altar of Cheibriados.
 12724 | D:10     | Noticed Josephine
 12741 | D:10     | Killed Josephine
 12741 | D:10     | Reached **** piety under Okawaru
 12807 | D:10     | Noticed Harold
 12833 | D:10     | Killed Harold
 13398 | D:11     | Noticed a boulder beetle
 13398 | D:11     | Noticed a manticore
 13731 | D:11     | Noticed a white ugly thing
 13813 | Lair:1   | Entered Level 1 of the Lair of Beasts
 14506 | Lair:1   | Reached ***** piety under Okawaru
 14821 | D:8      | Reached XP level 12. HP: 59/75 MP: 15/15
 14928 | D:8      | Received a gift from Okawaru
 15870 | Lair:2   | Identified the +0 leather armour "Jetsato" {rC+ Int+3}
 15871 | Lair:2   | Noticed a four-headed hydra
 15900 | Lair:1   | Killed a four-headed hydra
 16089 | Lair:2   | Noticed a boulder beetle
 16177 | Lair:2   | Killed a boulder beetle
 16201 | Lair:2   | Noticed a four-headed hydra
 16514 | Lair:1   | Reached skill level 5 in Invocations
 16675 | Lair:2   | Identified the +1 long sword of Wisdom {drain, rElec rF++
                  | Dex-5} (Okawaru gifted it to you on level 2 of the Lair of
                  | Beasts)
 16675 | Lair:2   | Received a gift from Okawaru
 16904 | Lair:2   | Noticed a seven-headed hydra
 16927 | Lair:2   | Killed a seven-headed hydra
 17275 | Lair:2   | Killed a four-headed hydra
 17459 | Lair:2   | Identified the +5 dagger "Ivefop" {venom, Int+4}
 17873 | Lair:3   | Noticed a seven-headed hydra
 17890 | Lair:3   | Killed a seven-headed hydra
 17891 | Lair:3   | Reached XP level 13. HP: 50/82 MP: 14/17
 18134 | Lair:2   | Reached skill level 10 in Fighting
 18184 | Lair:2   | Reached skill level 1 in Dodging
 18191 | Lair:2   | HP: 3/82 [death yak (18)]
 18193 | Lair:2   | Mangled by a death yak

Illustrated notes

Levels and vault maps discovered:
D:1:      dpeg_arrival_renting, layout_rooms, hellmonk_ecumenical_altar_zigzags
D:2:      layout_loops_ring, serial_shops, nicolae_shop_crystal,
          minmay_lizard_king
D:3:      layout_loops_ring, nrook_loot_triangle, kennysheep_potato
D:4:      layout_basic, serial_shops, nicolae_shop_waterfront
D:5:      layout_rooms
D:6:      layout_gridville, uniq_prince_ribbit1, uniq_pikel, uniq_duvessa
D:7:      layout_gridville, minmay_temple_entry_waves,
          roderic_nine_men_s_morris, uniq_joseph
D:8:      layout_rooms, david_lair_shrubbed, uniq_grum, uniq_erica
D:9:      layout_loops_ring, st_stairs_6, eino_house_with_fridge
D:10:     layout_irregular_city, grunt_temple_overflow_octagram, uniq_harold,
          uniq_josephine
D:11:     minmay_s_stair_smasher, layout_cave_pools, orc_0_dummy,
          grunt_dithmenos_smoke_and_mirrors, uniq_erolcha, uniq_sonja
Temple:   regret_index_temple_generic_petals
Lair:1:   layout_layer_cave
Lair:2:   layout_regular_city
Lair:3:   layout_concentric_octagons, st_stairs_10, grunt_megastairs_4

Skill      XL: |  1  2  3  4  5  6  7  8  9 10 11 12 13 |
---------------+----------------------------------------+-----
Shields        | 4 5 6 7 9 10 12 13 | 13.4
Maces & Flails | 3 4 5 6 8 9 10 12 | 12.1
Fighting       | 4 5 6 7 8 9 10 | 10.0
Armour         | 4 5 6 7 8 10 11 13 | 13.0
Invocations    | 1 4 6 |  6.0
Dodging        | 1 |  1.1

Action                   |  1- 3 |  4- 6 |  7- 9 | 10-12 | 13-15 || total
-------------------------+-------+-------+-------+-------+-------++-------
Melee: Flail             |   178 |   260 |   229 |       |       ||   667
       Whip              |       |       |   208 |  1227 |    64 ||  1499
Throw: Dart              |       |     2 |    35 |    44 |     3 ||    84
Invok: Heroism           |       |       |       |     5 |     1 ||     6
       Finesse           |       |       |       |     2 |       ||     2
Evoke: Wand              |       |       |       |     5 |       ||     5
  Use: Scroll            |       |     8 |     7 |     6 |     2 ||    23
       Potion            |       |     4 |     1 |    10 |       ||    15
 Stab: Paralysed         |       |       |       |     7 |       ||     7
Armor: Scale mail        |   163 |   139 |   202 |   272 |     7 ||   783
       Skin              |       |    14 |       |       |       ||    14
Dodge: Dodged            |   107 |    96 |   225 |   288 |     8 ||   724
Block: Kite shield       |   133 |   177 |   401 |  1017 |    45 ||  1773
       Reflection        |       |       |     1 |     5 |       ||     6
